Map: Catalyst LE

Players

Bombs

  • Race: Terran Terran
  • Spawn Location: 11:00

A.I. 2 (Elite) - Winner!

  • Race: Zerg Zerg
  • Spawn Location: 5:00

VOD

Have the link to the VOD?

Description

Time

  • Played on: April 20, 2018, 1:44 p.m.
  • Length: 10:17
Show
View Real Time Build Order
Export as new Build Order

Bombs Terran 

Build Orders: Reaper Expand, MMM Bio 

Get SALT Encoding   

  12  0:01  SCV  
  13  0:13  SCV  
  14  0:18  Supply Depot  
  14  0:25  SCV  
  15  0:39  SCV  
  15  0:40  Barracks  
  16  0:46  Refinery  
  16  0:52  SCV  
  17  1:04  SCV  
  18  1:16  SCV  
  19  1:29  Reaper, Orbital Command  
  20  1:44  Command Center  
  20  1:55  SCV  
  20  1:57  Supply Depot  
  21  2:01  Marine  
  21  2:07  SCV  
  23  2:13  Barracks  
  23  2:19  SCV  
  23  2:21  Refinery  
  24  2:24  Barracks Reactor  
  24  2:31  SCV  
  24  2:35  Factory  
  25  2:43  SCV  
  26  2:56  SCV, Orbital Command  
  27  3:00  Barracks Tech Lab  
  27  3:02  Marine x2  
  29  3:08  SCV  
  30  3:20  Stimpack, SCV  
  30  3:21  Starport  
  30  3:23  SCV  
  32  3:27  Factory Reactor  
  32  3:32  SCV, Supply Depot  
  32  3:33  Marine  
  34  3:35  Marine  
  34  3:37  SCV  
  34  3:39  Marine  
  37  3:45  SCV  
  38  3:49  SCV  
  38  3:51  Marine  
  38  3:53  Marine  
  38  3:54  Supply Depot  
  41  3:57  SCV  
  41  4:01  SCV  
  43  4:03  Marine  
  43  4:09  SCV  
  45  4:11  Medivac x2  
  45  4:13  SCV, Marine x2  
  52  4:21  Engineering Bay  
  52  4:22  SCV  
  53  4:25  Engineering Bay, SCV  
  53  4:29  Supply Depot  
  54  4:33  Marine x3  
  54  4:34  SCV  
  54  4:38  SCV  
  59  4:46  SCV  
  59  4:50  Terran Infantry Weapons Level 1, SCV  
  59  4:51  Terran Infantry Armor Level 1  
  61  4:57  Supply Depot  
  61  4:58  SCV  
  62  5:03  SCV, Command Center  
  62  5:04  Marine x2  
  62  5:05  Marine  
  65  5:11  SCV  
  66  5:15  SCV  
  66  5:20  Medivac, Combat Shields  
  69  5:28  SCV, Barracks  
  70  5:29  SCV, Barracks  
  70  5:30  Barracks  
  70  5:32  Supply Depot  
  71  5:40  SCV  
  71  5:42  SCV  
  73  5:44  Refinery, Marine  
  73  5:45  Refinery, Marine x2  
  76  5:52  SCV, Armory  
  76  5:54  Factory Tech Lab  
  77  5:58  SCV, Supply Depot  
  77  6:04  SCV, Marine x3  
  78  6:10  SCV  
  83  6:16  Orbital Command  
  83  6:17  Siege Tank  
  86  6:20  Barracks Reactor x2  
  86  6:21  Barracks Reactor, Marine  
  86  6:22  Marine  
  86  6:23  SCV  
  86  6:25  Marine  
  90  6:26  SCV  
  91  6:33  Supply Depot  
  91  6:39  Marine x2  
  91  6:42  Marine  
  91  6:44  SCV, Supply Depot  
  91  6:45  SCV  
  96  6:54  Siege Tank  
  96  6:55  Orbital Command  
  96  6:56  SCV  
  96  6:57  Marine  
  96  7:01  Marine  
  106  7:06  Terran Infantry Armor Level 2, Terran Infantry Weapons Level 2  
  106  7:08  Marine  
  102  7:20  Marine x2  
  102  7:21  Marine x2  
  106  7:24  SCV  
  106  7:25  SCV  
  106  7:27  Marine x2  
  106  7:28  Marine x2  
  106  7:29  Marine  
  113  7:34  SCV  
  113  7:36  Medivac x2  
  113  7:37  SCV  
  119  7:38  Supply Depot x2  
  119  7:40  Siege Tank  
  122  7:49  Barracks  
  122  7:50  Barracks  
  122  7:51  Barracks  
  122  7:53  Bunker  
  122  7:55  Refinery  
  122  7:56  SCV  
  122  7:57  SCV  
  124  8:14  Marine x6  
  124  8:16  Siege Tank  
  124  8:17  Supply Depot  
  124  8:18  Supply Depot  
  124  8:19  Supply Depot  
  133  8:20  SCV x3  
  133  8:25  Marine x2  
  138  8:28  Medivac  
  138  8:32  SCV, Concussive Shells  
  141  8:38  Medivac  
  143  8:42  Marine x3  
  143  8:43  Supply Depot  
  143  8:45  Marine x2, Supply Depot  
  143  8:47  Supply Depot, Marine  
  143  8:48  Siege Tank, Marine  
  152  8:49  Marine  
  152  8:50  Marine  
  152  8:51  Marine  
  152  8:53  Marine  
  157  8:56  Marine  
  157  9:00  Marine x3  
  161  9:03  Marine  
  161  9:04  Medivac  
  161  9:08  Medivac  
  166  9:20  Siege Tank  
  166  9:21  Command Center  
  169  9:36  Marine x8  
  177  9:42  Medivac x2  
  181  10:16  Supply Depot  
Show
View Real Time Build Order
Export as new Build Order

A.I. 2 (Elite) Zerg - Winner!

Build Orders: Pool First 

Get SALT Encoding   

  12  0:00  Drone  
  13  0:12  Overlord  
  13  0:17  Drone  
  14  0:31  Drone x2  
  16  0:42  Spawning Pool  
  15  0:45  Drone  
  15  0:49  Drone  
  17  1:12  Hatchery  
  17  1:13  Drone  
  17  1:16  Extractor  
  16  1:19  Drone  
  16  1:22  Drone  
  18  1:28  Drone  
  19  1:38  Overlord  
  19  1:49  Drone, Queen  
  22  2:00  Zergling x2  
  23  2:11  Drone  
  23  2:21  Drone  
  24  2:24  Drone, Queen  
  27  2:32  Roach Warren  
  27  2:35  Drone  
  27  2:38  Extractor  
  27  2:40  Drone  
  27  2:47  Overlord  
  27  2:50  Drone  
  28  2:53  Drone  
  28  2:57  Drone  
  30  2:59  Drone  
  30  3:03  Drone  
  32  3:06  Zergling x2  
  32  3:10  Zergling x2  
  34  3:14  Roach  
  34  3:18  Roach  
  38  3:22  Roach  
  40  3:27  Roach  
  40  3:28  Drone  
  40  3:31  Drone  
  44  3:36  Overlord  
  44  3:44  Lair  
  44  3:54  Drone x3  
  44  3:55  Drone  
  48  3:58  Drone  
  48  4:00  Drone  
  48  4:02  Drone  
  51  4:04  Drone  
  51  4:09  Overlord  
  52  4:27  Drone x5, Zergling x2  
  52  4:31  Zergling x4  
  60  4:32  Overlord  
  60  4:35  Overlord  
  60  4:44  Infestation Pit  
  60  4:45  Drone  
  60  4:46  Drone, Spire  
  60  4:50  Roach  
  60  4:51  Roach  
  64  4:54  Roach  
  64  4:56  Roach  
  68  5:00  Overlord  
  68  5:07  Drone  
  68  5:08  Drone  
  68  5:12  Overlord  
  70  5:15  Roach  
  70  5:17  Roach  
  70  5:19  Roach  
  70  5:20  Hive  
  76  5:22  Roach  
  76  5:24  Overlord  
  76  5:27  Overlord  
  78  5:57  Corruptor x3  
  78  5:58  Overlord  
  78  6:01  Overlord  
  84  6:08  Drone, Evolution Chamber  
  84  6:12  Zergling x2  
  84  6:13  Drone, Evolution Chamber  
  84  6:14  Zergling x2  
  84  6:16  Zergling x2  
  84  6:17  Corruptor  
  84  6:18  Zergling x2  
  90  6:19  Zergling x2  
  90  6:21  Zergling x2  
  92  6:28  Drone  
  93  6:37  Drone, Hydralisk Den  
  93  6:38  Extractor  
  93  6:39  Drone  
  93  6:40  Extractor  
  93  6:41  Drone  
  93  6:46  Drone x2, Evolution Chamber, Hatchery  
  93  7:01  Drone x4  
  92  7:03  Drone x3  
  86  7:09  Drone  
  86  7:10  Drone x2  
  86  7:12  Overseer  
  86  7:13  Hydralisk x2  
  86  7:14  Drone x3  
  94  7:24  Drone  
  94  7:25  Drone  
  96  7:35  Drone  
  96  7:36  Drone  
  98  7:40  Metabolic Boost  
  98  7:41  Drone, Infestor  
  101  7:50  Infestor  
  103  7:58  Drone x4  
  105  7:59  Drone, Zerg Melee Weapons Level 1  
  108  8:08  Drone x2, Extractor  
  108  8:09  Drone, Zerg Missile Weapons Level 1  
  110  8:13  Drone x3  
  110  8:16  Extractor  
  110  8:19  Drone x2  
  114  8:21  Drone  
  115  8:29  Overlord, Drone  
  115  8:31  Drone, Ravager  
  118  8:37  Ravager  
  118  8:40  Drone x2  
  121  8:42  Drone  
  121  8:43  Baneling Nest  
  121  8:45  Drone x3  
  124  8:51  Overlord, Drone  
  124  8:54  Drone  
  126  9:01  Hydralisk, Spine Crawler  
  126  9:02  Drone  
  128  9:04  Drone  
  128  9:09  Spine Crawler  
  128  9:10  Queen  
  128  9:12  Overlord, Drone  
  128  9:15  Hydralisk  
  128  9:16  Drone, Infestor  
  128  9:17  Drone  
  137  9:23  Drone, Infestor  
  140  9:27  Roach, Baneling x3  
  140  9:29  Baneling  
  140  9:30  Baneling  
  142  9:32  Baneling  
  142  9:33  Overlord, Baneling  
  142  9:35  Roach  
  142  9:36  Hatchery  
  142  9:38  Roach  
  147  9:47  Spore Crawler  
  147  9:48  Zergling x2  
  147  9:49  Zergling x2, Mutalisk  
  147  9:50  Zergling x4  
  147  9:51  Zergling x2  
  144  9:53  Spore Crawler  
  144  9:55  Drone, Roach  
Tags
 
Composition
MMM Bio
Matchup
TvZ
Spawn Locations
Cross Positions
Add a new tag
Caveats
  • Supply blocks, unpowered buildings, or Contaminate may cause inaccurate times.
  • Supply counts are checked every 10 seconds.